 Dungeon Crawl Stone Soup version 0.28.0-49-g6dfe1f597d (webtiles) character file.

Game seed: 4549202762348241642

1 issech the Vexing (level 1, -1/17 HPs)
             Began as a Gnoll Arcane Marksman on May 17, 2022.
             Slain by a jackal (2 damage)
             ... on level 1 of the Dungeon.
             The game lasted 00:00:55 (95 turns).

issech the Vexing (Gnoll Arcane Marksman)             Turns: 95, Time: 00:00:56

Health: -1/17      AC:  2    Str:  9    XL:     1   Next: 20%
Magic:  4/4        EV: 13    Int: 12    God:
Gold:   8          SH:  0    Dex: 12    Spells: 4/5 levels left

rFire   . . .      SeeInvis .   e - +0 flail
rCold   . . .      Faith    .   (no shield)
rNeg    . . .      Spirit   .   d - +0 robe
rPois   .          Reflect  .   (no helmet)
rElec   .          Harm     .   (no cloak)
rCorr   .          Rampage  .   (no gloves)
Will    .....                   (no boots)
Stlth   +.........              (no amulet)
HPRegen 0.05/turn               (no ring)
MPRegen 0.09/turn               (no ring)

@: no status effects
A: fangs 1, strong nose, distributed training
a: no special abilities


You were on level 1 of the Dungeon.
You visited 1 branch of the dungeon, and saw 1 of its levels.

You collected 8 gold pieces.

Inventory:

Hand Weapons
 a - a +0 hand crossbow
 b - a +0 hand axe
 e - a +0 flail (weapon)
Missiles
 c - 20 bolts
Armour
 d - a +0 robe (worn)


   Skills:
 + Level 2.3 Fighting
 + Level 0.0 Short Blades
 + Level 0.0 Long Blades
 + Level 0.0 Axes
 + Level 0.0 Maces & Flails
 + Level 0.0 Polearms
 + Level 0.0 Staves
 + Level 0.0 Slings
 + Level 0.0 Bows
 + Level 4.4 Crossbows
 + Level 0.0 Throwing
 + Level 0.0 Armour
 + Level 4.4 Dodging
 + Level 0.0 Stealth
 + Level 0.0 Shields
 + Level 0.0 Unarmed Combat
 + Level 2.6 Spellcasting
 + Level 0.0 Conjurations
 + Level 5.3 Hexes
 + Level 0.0 Summonings
 + Level 0.0 Necromancy
 + Level 0.0 Translocations
 + Level 0.0 Transmutations
 + Level 0.0 Fire Magic
 + Level 0.0 Ice Magic
 + Level 0.0 Air Magic
 + Level 0.0 Earth Magic
 + Level 0.0 Poison Magic
 + Level 0.0 Invocations
 + Level 0.0 Evocations


You had 4 spell levels left.
You knew the following spells:

 Your Spells              Type           Power      Damage    Failure   Level
a - Slow                  Hex            56%        N/A       3%          1

Your spell library contained the following spells:

 Spells                   Type           Power      Damage    Failure   Level
 Inner Flame              Hex/Fire       7%         N/A       26%         3
 Portal Projectile        Hex/Tloc       14%        N/A       26%         3
 Cause Fear               Hex            7%         N/A       28%         4


Dungeon Overview and Level Annotations

Branches:
Dungeon (1/15)

Altars:


Innate Abilities, Weirdness & Mutations

You have very sharp teeth.
Your uncanny sense of smell can sniff out nearby items.
Your experience applies equally to all skills.


Message History

A jackal comes into view.
A jackal comes into view.
The jackal barks!
The jackal barks!
A jackal comes into view.
The jackal closely misses you.
The jackal bites you but does no damage.
You completely miss the jackal.
The jackal barks!
You punch the jackal, but do no damage. Your bite misses the jackal.
You barely miss the jackal. The jackal misses you. The jackal bites you. x2
The jackal closely misses you.
You hit the jackal but do no damage. Your bite misses the jackal.
The jackal bites you. The jackal barely misses you.
The jackal closely misses you. x2
You hit the jackal.
The jackal is severely wounded.
The jackal bites you. The jackal misses you. The jackal barely misses you. x2
You hit the jackal.
The jackal is almost dead.
The jackal barely misses you. The jackal bites you.
The jackal barely misses you. The jackal closely misses you.
The jackal bites you but does no damage.
The jackal bites you but does no damage.
You hit the jackal but do no damage. The jackal bites you. x2
* * * LOW HITPOINT WARNING * * *
The jackal misses you. The jackal closely misses you.
The jackal completely misses you. The jackal closely misses you.
The jackal barely misses you. The jackal bites you.
* * * LOW HITPOINT WARNING * * *
The jackal bites you.
* * * LOW HITPOINT WARNING * * *
The jackal barely misses you. The jackal closely misses you.
The jackal closely misses you. The jackal bites you.
You die...

##..### #..........#. ..
#...## #.........## ...
#....###........#####..
#.....##.......#.....#
#.#....##.....###...#
#.##.........#####.#####..
#.####......#...........#
#.# #.....###....<....#
#.# #....#####@......##
#.# #...#....h#.....#....
..# #.h###..h###...## ...
#.#####.#####.## #
#.....h.........
#####.######..##. #... .##
# #####


You could see 3 jackals.

Vanquished Creatures
  An endoplasm (D:1)
1 creature vanquished.

Notes
Turn   | Place    | Note
-------+----------+-------------------------------------------
     0 | D:1      | issech the Gnoll Arcane Marksman began the quest for the
                  | Orb.
     0 | D:1      | Reached XP level 1. HP: 17/17 MP: 4/4
    95 | D:1      | Slain by a jackal

Illustrated notes

Levels and vault maps discovered:
D:1:      onia_arrival_pyramid, layout_rooms

Action                   || total
-------------------------++-------
Melee: Flail             ||     7
       Punch             ||     1
Armor: Robe              ||     4
Dodge: Dodged            ||    20
